woodfighter, chaotic female human Barbarian ------- ---- --- --- |..--.--- |..| -.----.--- ---- |.......--------------- ---..| ------`.%......| |..-- --..............)......| |....| --..|...........---...| --------......-----------....-- ---.--.--- |.......---...........-- --.--.--.........|.-- |......-- |...||...| |-..%---- --......---..| |...)...............| --......---.------.--- --....| --....-- |.-- --.|...........---.-- |..........| |..... -.....--- --....| --- -----.........| --- ---.--..-..--- --..... |.|......| --.....| |........-- |...|---....| --- |..@q. ---.|...----^|....| |........-- |...| |....---.-------q. -----...|..|---.--- --..|.....| |.--- |.....>....-- . --- --....-- |...| ---..|.....-- |.| |...........---- ...---- ---....-- ---.--- |.......%...-- ------.-- ----...........| -)...-- |.......-- |...-- |......%.....---...|...| ----...---..| |..)..--|........| ---..-- --..................|..| --..| ---- --%%...--........-- |...| --.........--.....------ ---- --...............| --..| |...--.--.----...-- |.............<... ---- ..---------- ----- ---..|..)..^..|.. - -----.----.--- --- --- woodfighter the Bandit Experience level: 6 Strength: 18/02 Dexterity: 14 Constitution: 18 Intelligence: 8 Wisdom: 7 Charisma: 6 Health: 0(74) Energy: 13(13) Def: 4 Gold: 341 Moves: 2446 Dungeon seed: JMkoRhtb7O3NoQqC Game ID: woodfighter_1445699152 Your Inventory: Coins $ - 341 gold pieces Weapons a - a blessed +0 axe (weapon in hand) b - a +0 two-handed sword (alternate weapon; not wielded) t - 4 +0 daggers Armor e - an uncursed +0 ring mail (being worn) q - an uncursed +0 orcish helm (being worn) u - an uncursed +0 dwarvish cloak v - an uncursed +0 pair of iron shoes y - a cursed -3 cloak of protection z - an uncursed +0 dwarvish cloak C - an uncursed +0 pair of iron shoes H - an uncursed +0 dwarvish cloak I - an uncursed +0 dwarvish iron helm L - a blessed +0 dwarvish cloak M - a blessed +0 pair of iron shoes N - a blessed +1 dwarvish cloak P - an uncursed +0 dwarvish cloak Q - an uncursed +0 pair of iron shoes Y - a cursed +0 pair of iron shoes Comestibles c - 2 uncursed food rations R - an uncursed carrot Scrolls g - an uncursed scroll of scare monster h - a blessed scroll of enchant armor i - an uncursed scroll of identify l - 2 uncursed scrolls of teleportation B - an uncursed scroll of create monster D - an uncursed scroll of light Potions o - an uncursed potion of booze G - a cursed potion of oil Rings A - an uncursed ring of levitation Tools d - 18 uncursed tallow candles (0:200) F - an uncursed partly used wax candle (lit) (0:126) K - an uncursed wooden harp O - a +0 pick-axe Gems n - 3 uncursed worthless pieces of yellow glass r - 2 uncursed worthless pieces of violet glass w - an uncursed jasper stone x - 2 uncursed amethyst stones S - an uncursed garnet stone Spells and supernatural/magical abilities: Name Level Category Fail Memory W - pray for help -- divine ? -- Your skills at the end: Miscellaneous Skills bare handed combat [Basic] Weapon Skills axe [Basic] two-handed sword [Basic] Spellcasting Skills Final Attributes: You were piously aligned. You were poison resistant. You are dead. Vanquished creatures: a gnome king a dingo a rock mole 4 gnome lords a little dog 6 dwarves an iguana 2 rothes 2 orc zombies a dwarf zombie 2 werejackals a gas spore a hobbit 2 geckos a cave spider a yellow mold a red mold 15 gnomes a gnome zombie 5 jackals 7 newts 3 goblins 2 sewer rats 8 grid bugs 3 bats 3 kobold zombies 76 creatures vanquished. Voluntary challenges: You did not adorn yourself with jewelry or accessories. You were an atheist. You used a wielded weapon 89 times, starting on turn 4. You did not apply a unicorn horn. You read items or engraved 2 times, starting on turn 1324. You never genocided any monsters. You never polymorphed an object. You never changed form. You used no wishes. You never split a pudding. You never wrote Elbereth's name. You never violated your personal moral code. Dungeon overview: The Dungeons of Doom: levels 1 to 4 Level 1 a sink a long staircase Level 2 (vault) a sink Level 3 stairs to The Gnomish Mines Level 4 The Gnomish Mines: levels 4 to 6 Level 4 stairs to The Dungeons of Doom Level 5 <- You were here Level 6 History has recorded: On T:1 you entered the Dungeons of Doom to retrieve the Amulet of Yendor! On T:116 you reached level 2 of The Dungeons of Doom. On T:453 you advanced to experience level 2. On T:607 you reached level 3 of The Dungeons of Doom. On T:733 you advanced to experience level 3. On T:1388 you reached level 4 of The Dungeons of Doom. On T:1483 you reached level 1 of The Gnomish Mines. On T:1623 you advanced to experience level 4. On T:1788 you advanced to experience level 5. On T:1917 you reached level 2 of The Gnomish Mines. On T:2179 you advanced to experience level 6. On T:2378 you reached level 3 of The Gnomish Mines. Score breakdown: Gold: 341 ( 34 points) Experience: 6 levels ( 500 points) Exploration: 6 levels ( 150 points) Discoveries: 1 item ( 50 points) Variety of kills: 26 monsters ( 1300 points) Major goal: (nothing yet) ( 0 points) Survival: died (score multiplied by 3) Total score: 6102 Latest messages: The rothe just misses! You smite the rothe. The rothe punches you! The rothe bites! (2x) The rothe punches you! You die... Final status: Goodbye woodfighter the Barbarian, killed by a rothe... You died in The Gnomish Mines on dungeon level 5 with 6102 points, and 341 pieces of gold, after 2446 moves. You were level 6 with a maximum of 74 hit points when you died.